 Dungeon Crawl Stone Soup version 0.17-a0-1132-g5dd4065 (webtiles) character file.

310 Engwar the Digger (level 6, -2/32 HPs)
             Began as a Gargoyle Earth Elementalist on May 25, 2015.
             Killed by divine providence
             ... invoked by an orc priest
              (16 damage)
             ... on level 3 of the Dungeon.
             The game lasted 00:18:20 (3698 turns).

Engwar the Digger (Gargoyle Earth Elementalist)     Turns: 3698, Time: 00:18:21

Health: -2/32      AC:  7    Str: 11    XL:     6   Next: 41%
Magic:  7/9        EV: 12    Int: 18    God:
Gold:   149        SH:  0    Dex: 10    Spells: 4 memorised, 0 levels left

rFire  . . .     SeeInvis .     b - +0 club
rCold  . . .     Clarity  .     e - +0 robe
rNeg   + . .     SustAt   .     (no shield)
rPois  ∞         Gourm    .     o - +0 helmet
rElec  +         Spirit   .     (no cloak)
rCorr  .         Warding  .     (no gloves)
rMut   .         Stasis   .     (no boots)
MR     .....                    (no amulet)
Stlth  ++........               (no ring)
                                n - ring of flight

@: not resistant to hostile enchantments, unstealthy
A: negative energy resistance 1, electricity resistance, unbreathing,
petrification resistance, rot immunity, AC +4
a: Evoke Flight


You were on level 3 of the Dungeon.
You were not hungry.

You visited 1 branch of the dungeon, and saw 4 of its levels.

You collected 149 gold pieces.


Innate Abilities, Weirdness & Mutations

You are resistant to torment.
Your stone body is resilient (AC +4).
You are immune to poison.
You resist negative energy.
You are resistant to electric shocks.
You can survive without breathing.
You are immune to petrification.
You are immune to rotting.


   Skills:
 - Level 3.3 Maces & Flails
 - Level 1.5 Dodging
 - Level 2.1 Stealth
 - Level 2.0 Spellcasting
 - Level 1.6 Conjurations
 - Level 1.5 Transmutations
 - Level 6.4 Earth Magic
 + Level 0.2 Poison Magic


You couldn't memorise any spells.
You knew the following spells:

 Your Spells              Type           Power        Failure   Level  Hunger
a - Stoneskin             Trmt/Erth      ###.....     8%          2    ###....
c - Mephitic Cloud        Conj/Pois/Air  #.......     43%         3    ###....
x - Stone Arrow           Conj/Erth      ###...       12%         3    ###....
z - Sandblast             Erth           ####..       1%          1    #......

Inventory:

Hand weapons
 b - a +0 club (weapon)
Missiles
 a - 79 stones (quivered)
Armour
 e - a +0 robe (worn)
 o - a +0 helmet (worn)
Jewellery
 n - a ring of flight (left hand)
Magical devices
 t - a wand of fireball (8)
Scrolls
 i - 2 scrolls of remove curse
 q - a scroll of fog
 r - a scroll of amnesia
Potions
 f - a potion of agility {unknown}
 g - 2 potions of might
 h - a potion of heal wounds
 l - a potion of cure mutation {unknown}
 s - a potion of degeneration {unknown}
 u - a potion of cancellation {unknown}
 w - a potion of ambrosia {unknown}
Books
 c - a book of Geomancy

   Spells                             Type                      Level
   a - Sandblast                      Earth                        1
   b - Stoneskin                      Transmutation/Earth          2
   c - Passwall                       Transmutation/Earth          3
   d - Stone Arrow                    Conjuration/Earth            3
   e - Petrify                        Transmutation/Earth          4
   f - Lee's Rapid Deconstruction     Earth                        5
 x - a book of Clouds

   Spells                             Type                      Level
   a - Mephitic Cloud                 Conjuration/Poison/Air       3
   b - Conjure Flame                  Conjuration/Fire             3
   c - Poisonous Cloud                Conjuration/Poison/Air       6
   d - Freezing Cloud                 Conjuration/Ice/Air          6
   e - Ring of Flames                 Charms/Fire                  7
Comestibles
 d - 3 bread rations
 j - a beef jerky
 k - a royal jelly
 m - 2 meat rations
 v - a chunk of flesh

{@*1} #.#.######
#.#.......
#######.###.....
#.......# #.....
#.......###.....
#....)....#.....
#.......#.#.....
#######.......#.###...
#....9o...............
#.....o.......#.######
#.....................
#............#########
#............#
#............#
#.......######
#.......# #.......#


You could see 2 orc priests.


Message History

You hit the orc priest.
The orc priest is lightly wounded.
Your skin feels tender.
The orc priest hits you but does no damage.
The orc priest barely misses you. x2
The orc priest hits you with a falchion.
You closely miss the orc priest.
The orc priest is lightly wounded.
The orc priest hits you with a dagger.
The orc priest mumbles some strange prayers to Beogh against you.
Something smites you!
* * * LOW HITPOINT WARNING * * *
Drink which item? (? for menu, Esc to quit)
You feel much better.
The orc priest calls down the wrath of Beogh upon you.
Pain shoots through your body!
* * * LOW HITPOINT WARNING * * *
The orc priest hits you but does no damage.
You closely miss the orc priest.
The orc priest is lightly wounded.
The orc priest barely misses you.
The orc priest hits you but does no damage.
You barely miss the orc priest.
The orc priest is lightly wounded.
The orc priest hits you with a dagger.
* * * LOW HITPOINT WARNING * * *
The orc priest calls down the wrath of Beogh upon you.
Something smites you!
Ouch! That really hurt!
You die...

Action                   |  1- 3 |  4- 6 || total
-------------------------+-------+-------++-------
Melee: Club              |    77 |   179 ||   256
       Unarmed           |     4 |       ||     4
 Cast: Sandblast         |    39 |    43 ||    82
       Stoneskin         |     2 |     5 ||     7
       Stone Arrow       |       |     2 ||     2
  Use: Scroll            |       |    10 ||    10
       Potion            |       |     1 ||     1
 Stab: Sleeping          |       |     4 ||     4
  Eat: Bread ration      |     1 |       ||     1
       Fruit             |       |     3 ||     3
       Chunk             |       |     4 ||     4

Vault maps used:
D:1:      dpeg_arrival_tiny_a, serial_bayou_lake_a
D:2:      lemuel_crystal_altar, first_bread, serial_aquarium,
          aquarium_bridge_long_joined, aquarium_window_corridor_3,
          aquarium_window_1, aquarium_window_2, aquarium_view_2a,
          aquarium_view_2c, aquarium_balcony_double_3, aquarium_pool_1,
          uniq_iyjb
D:3:      nicolae_overflow_crystal_walls, makhleb_blood_cavern_becter
D:4:      lemuel_coloured_pillars_altar, serial_shops, kennysheep_little_box

Notes
Turn   | Place    | Note
--------------------------------------------------------------
     0 | D:1      | Engwar the Gargoyle Earth Elementalist began the quest for the Orb.
     0 | D:1      | Reached XP level 1. HP: 10/10 MP: 3/3
   125 | D:1      | Reached skill level 4 in Earth Magic
   218 | D:1      | Reached XP level 2. HP: 15/15 MP: 3/5
   242 | D:1      | Learned a level 2 spell: Stoneskin
   298 | D:1      | Reached skill level 1 in Maces & Flails
   897 | D:2      | Noticed Ijyb
  1031 | D:2      | Killed Ijyb
  1031 | D:2      | Reached skill level 2 in Maces & Flails
  1031 | D:2      | Reached XP level 3. HP: 3/19 MP: 0/6
  1186 | D:2      | Learned a level 3 spell: Stone Arrow
  1265 | D:2      | Reached skill level 5 in Earth Magic
  1265 | D:2      | Reached XP level 4. HP: 6/24 MP: 0/7
  1687 | D:2      | Found a glowing silver altar of Zin.
  2683 | D:3      | Reached skill level 3 in Maces & Flails
  2683 | D:3      | Reached XP level 5. HP: 28/28 MP: 3/8
  2693 | D:3      | Reached skill level 1 in Transmutations
  2854 | D:3      | Found an iron altar of Okawaru.
  2963 | D:3      | Found a burning altar of Makhleb.
  3410 | D:4      | Reached skill level 1 in Conjurations
  3606 | D:4      | Noticed a sky beast
  3620 | D:4      | Killed a sky beast
  3620 | D:4      | Reached skill level 6 in Earth Magic
  3620 | D:4      | Reached XP level 6. HP: 32/32 MP: 0/9
  3625 | D:4      | Learned a level 3 spell: Mephitic Cloud
  3698 | D:3      | Killed from afar by an orc priest

Vanquished Creatures
  A sky beast (D:4)
  A hound (D:3)
  Ijyb (D:2)
  An orc wizard (D:4)
  5 adders
  2 oozes
  2 worms (D:2)
  3 giant geckos
  4 orcs
  A ball python (D:4)
  3 giant cockroaches (D:2)
  6 goblins
  11 hobgoblins
  7 jackals
  4 kobolds
  A quokka (D:3)
  7 bats
  A giant newt (D:1)
  5 rats
66 creatures vanquished.
